 Dungeon Crawl Stone Soup version 0.30-a0-779-g7971cf19c3 (webtiles) character file.

Game seed: 7860845387417287809

100 IndexError the Vexing (level 4, -1/26 HPs)
             Began as a Deep Elf Hexslinger on Feb 17, 2023.
             Slain by a gnoll
             ... wielding a +0 flail
              (5 damage)
             ... on level 4 of the Dungeon.
             The game lasted 00:03:45 (1510 turns).

IndexError the Vexing (Deep Elf Hexslinger)         Turns: 1510, Time: 00:03:46

Health: -1/26      AC:  7    Str:  7    XL:     4   Next: 47%
Magic:  0/8        EV: 13    Int: 18    God:
Gold:   88         SH:  0    Dex: 17    Spells: 5/6 levels left

rFire   . . .      SeeInvis .    a - +1 sling
rCold   . . .      Faith    .    (no shield)
rNeg    . . .      Spirit   +    c - +0 robe
rPois   .          Reflect  .    (no helmet)
rElec   .          Harm     .    (no cloak)
rCorr   +          Rampage  .    m - +0 pair of gloves
Will    .....                    (no boots)
Stlth   ++                       h - amulet of guardian spirit {Spirit}
HPRegen 0.24/turn                g - +4 ring of protection
MPRegen 0.11/turn                o - ring of resist corrosion

@: no status effects
A: no striking features
a: no special abilities


You were on level 4 of the Dungeon.
You visited 1 branch of the dungeon, and saw 4 of its levels.

You collected 88 gold pieces.

Inventory:

Hand Weapons
 a - a +1 sling (weapon)
Armour
 c - a +0 robe (worn)
 d - a +0 ring mail
   (You found it on level 1 of the Dungeon)
 k - a +0 ring mail
   (You found it on level 1 of the Dungeon)
 m - a +0 pair of gloves (worn)
   (You found it on level 1 of the Dungeon)
 s - a +0 leather armour
   (You took it off an orc on level 4 of the Dungeon)
 t - a +0 ring mail
   (You took it off an orc on level 4 of the Dungeon)
 u - a +3 leather armour
   (You took it off an orc on level 4 of the Dungeon)
 w - a +0 leather armour
   (You found it on level 4 of the Dungeon)
Jewellery
 g - a +4 ring of protection (left hand)
   (You found it on level 1 of the Dungeon)
 h - an amulet of guardian spirit (around neck) {Spirit}
   (You found it on level 1 of the Dungeon)
 i - an amulet of regeneration {+regen, !d}
   (You found it on level 1 of the Dungeon)
 o - a ring of resist corrosion (right hand)
   (You found it on level 2 of the Dungeon)
Scrolls
 b - a scroll of poison {!r}
 e - 3 scrolls of identify {unknown}
 f - 2 scrolls of enchant weapon {unknown}
 q - 2 scrolls of teleportation {unknown}
 v - a scroll of fear {unknown}
Potions
 j - a potion of heal wounds {unknown}
 l - a potion of lignification {unknown}
 n - a potion of brilliance {unknown}
 p - a potion of degeneration {unknown}
 r - a potion of haste {unknown}


   Skills:
 + Level 1.7 Fighting
 * Level 4.9 Ranged Weapons
 - Level 2.4 Dodging
 - Level 1.5 Spellcasting
 + Level 4.9 Hexes


You had 5 spell levels left.
You knew the following spells:

 Your Spells              Type           Power      Damage    Failure   Level
s - Slow                  Hex            76%        N/A       2%          1

Your spell library contained the following spells:

 Spells                   Type           Power      Damage    Failure   Level
 Inner Flame              Hex/Fire       10%        N/A       21%         3
 Portal Projectile        Hex/Tloc       20%        N/A       21%         3
 Cause Fear               Hex            9%         N/A       24%         4


Dungeon Overview and Level Annotations

Branches:
Dungeon (4/15)
 Temple: D:4-7

Altars:
Ashenzari
Dithmenos

Shops:
D:2 (   D:4 *


Message History

The gnoll hits you from afar with a +0 spear!
Warning x3: The gnoll can hit for moderate damage in melee, and throws nets! x3
You take 5 damage, and have 16/26 hp.
You now have 5/8 mp.
You shoot a sling bullet.
The sling bullet closely misses the quokka.
The quokka barely misses you.
The gnoll hits you from afar with a +0 spear.
You take 2 damage, and have 14/26 hp.
You now have 4/8 mp.
You are too injured to fight recklessly!
Warning x3: The gnoll can hit for moderate damage in melee, and throws nets! x3
You are too injured to fight recklessly!
The quokka closely misses you. The quokka attacks as you move away!
The quokka completely misses you.
The quokka twitches its whiskers.
The quokka attacks as you move away! The quokka barely misses you.
The quokka bites you.
Warning x2: The gnoll can hit for moderate damage in melee, and throws nets! x2
You take 1 damage, and have 14/26 hp.
The quokka attacks as you move away! The quokka closely misses you.
There is a stone staircase leading down here.
You can't go up here!
The quokka barely misses you.
You climb downwards.
There is a stone staircase leading up here.
Fire: a) +1 sling
Press: ? - help, Q - select action Shift-Dir - straight line, f - quokka
Aim: a quokka (50% to hit)
You shoot a sling bullet. The sling bullet hits the quokka.
The quokka barely misses you. The quokka bites you.
You now have 4/8 mp.
Fire: a) +1 sling
Press: ? - help, Q - select action Shift-Dir - straight line, f/p - quokka
Aim: a quokka (heavily wounded, 50% to hit)
You shoot a sling bullet. The sling bullet misses the quokka.
The quokka barely misses you.
Fire: a) +1 sling
Press: ? - help, Q - select action Shift-Dir - straight line, f/p - quokka
Aim: a quokka (heavily wounded, 50% to hit)
You shoot a sling bullet. The sling bullet misses the quokka.
The quokka barely misses you.
Fire: a) +1 sling
Press: ? - help, Q - select action Shift-Dir - straight line, f/p - quokka
Aim: a quokka (heavily wounded, 50% to hit)
You shoot a sling bullet.
The sling bullet barely misses the quokka.
The quokka closely misses you.
The quokka bites you but does no damage.
Fire: a) +1 sling
Press: ? - help, Q - select action Shift-Dir - straight line, f/p - quokka
Aim: a quokka (heavily wounded, 50% to hit)
You shoot a sling bullet. The sling bullet hits the quokka.
The quokka completely misses you.
Fire: a) +1 sling
Press: ? - help, Q - select action Shift-Dir - straight line, f/p - quokka
Aim: a quokka (severely wounded, 50% to hit)
You shoot a sling bullet. The sling bullet hits the quokka.
Fire: a) +1 sling
Press: ? - help, Q - select action Shift-Dir - straight line, f - you
Okay, then.
Magic restored.
HP restored.
Found Emafap's Overcharged Wands.
Health restored: 26; MP restored: 8
There is a stone staircase leading up here.
Things that are here:
a +0 club; a goblin corpse
There is an entrance to Emafap's Overcharged Wands here.
Unknown command.
Things that are here:
a +0 club; a goblin corpse
There is a stone staircase leading up here.
You climb upwards.
The gnoll hits you with a +0 flail! The gnoll hits you but does no damage.
The gnoll closely misses you. x2
There is a stone staircase leading down here.
Warning x3: The gnoll can hit for moderate damage in melee, and throws nets! x3
You take 8 damage, and have 18/26 hp.
MASSIVE DAMAGE!!
You now have 6/8 mp.
The gnoll misses you. The gnoll hits you with a +0 flail.
The gnoll barely misses you.
You climb downwards.
There is a stone staircase leading up here.
Warning x2: The gnoll can hit for moderate damage in melee, and throws nets! x2
You take 2 damage, and have 16/26 hp.
You now have 5/8 mp.
The gnoll attacks as you move away! The gnoll hits you with a +0 whip.
The gnoll closely misses you. The gnoll attacks as you move away!
The gnoll hits you with a +0 flail.
You take 8 damage, and have 8/26 hp.
MASSIVE DAMAGE!!
You now have 3/8 mp.
The gnoll attacks as you move away! The gnoll barely misses you.
Warning x2: The gnoll can hit for moderate damage in melee, and throws nets! x2
The gnoll attacks as you move away! The gnoll completely misses you.
The gnoll attacks as you move away! The gnoll hits you with a +0 flail!
* * * LOW HITPOINT WARNING * * *
You take 6 damage, and have 3/26 hp.
MASSIVE DAMAGE!!
You now have 2/8 mp.
Casting: Slow (safe; 2% risk of failure)
Confirm with . or Enter, or press ? or * to list all spells.
Aiming: Slow (safe; 2% risk of failure)
Press: ? - help, Shift-Dir - straight line, f - gnoll
Aim: a gnoll, wielding a +0 flail (chance to affect: 61%)
The gnoll resists with significant effort.
The gnoll hits you with a +0 flail!
You die...

##....∩...#
#....###..#.....#
.....#...#.####....#
#..#'###'#
......#.#.).<......#
#.........
............###....#
#.........
..........†.# #....#
#.........
............# #....#
#.........
.######.....# #....#
####.##.##
#....g###....# #.##.##
#......g@.#### #..)...
#.....###.# #.##...
........# #.# #.##...
?...##### #.# #.##...
.... #.# #######.##...
...
#######.###............
..
.......................
#######.###............
........# #............


You could see 2 gnolls.

Vanquished Creatures
  3 gnolls (D:3)
  An adder (D:2)
  2 dart slugs
  4 orcs (D:4)
  6 bats
  3 endoplasms (D:1)
  2 giant cockroaches
  4 goblins
  4 hobgoblins
  4 quokkas
  9 ball pythons
  2 frilled lizards (D:1)
  8 kobolds
  A rat (D:1)
53 creatures vanquished.

Notes
Turn   | Place    | Note
-------+----------+-------------------------------------------
     0 | D:1      | IndexError the Deep Elf Hexslinger began the quest for the
                  | Orb.
     0 | D:1      | Reached XP level 1. HP: 11/11 MP: 5/5
    28 | D:1      | Reached skill level 3 in Ranged Weapons
    30 | D:1      | HP: 2/11 [frozen (4)]
    32 | D:1      | Reached skill level 1 in Fighting
   123 | D:1      | Reached XP level 2. HP: 16/16 MP: 6/6
   901 | D:2      | Reached XP level 3. HP: 20/20 MP: 7/7
   936 | D:2      | Reached skill level 4 in Ranged Weapons
  1004 | D:2      | Found a faded altar of an unknown god.
  1013 | D:2      | Found Ackev's Weapon Boutique.
  1171 | D:2      | You fall into a shaft and drop 2 floors!
  1178 | D:4      | Found a broken altar of Ashenzari.
  1394 | D:3      | Reached XP level 4. HP: 25/25 MP: 8/8
  1402 | D:3      | Found a shadowy altar of Dithmenos.
  1486 | D:4      | Found Emafap's Overcharged Wands.
  1507 | D:4      | HP: 3/26 [gnoll/+0 flail (6)]
  1510 | D:4      | Slain by a gnoll

Illustrated notes

Levels and vault maps discovered:
D:1:      dpeg_arrival_rhombus, layout_loops_ring
D:2:      layout_rooms, serial_shops, nicolae_square_shop,
          shapermc_ecumenical_altar_venn
D:3:      layout_basic, nicolae_dithmenos_shadow_blocks
D:4:      layout_basic, mainiacjoe_overflow_six_doors_small,
          mainiacjoe_overflow_alcove_2, gammafunk_ghost_cemetery,
          nicolae_shop_overcharged_wands, uniq_robin

Skill      XL: |  1  2  3 |
---------------+----------+-----
Ranged Weapons | 3 4 |  4.9
Fighting       | 1 |  1.7
Dodging        | |  2.4
Spellcasting   | |  1.5
Hexes          | |  4.9

Action                     |  1- 3 |  4- 6 || total
---------------------------+-------+-------++-------
   Fire: Sling             |   178 |    26 ||   204
   Cast: Slow              |     3 |     1 ||     4
 Armour: Robe              |    45 |     6 ||    51
  Dodge: Dodged            |    82 |    29 ||   111

Table legend: (Time is in decaauts)
 A = Elapsed time spent in this place.
 B = Non-inter-level travel time spent in this place.
 C = Inter-level travel time spent in this place.
 D = Time resting spent in this place.
 E = Time spent auto-exploring this place.
 F = Levels seen in this place.
 G = Mean time per level.
                   A        B        C        D        E       F      G
               +--------+--------+--------+--------+--------+-----+--------+
         Total |   1552 |   1464 |     88 |     12 |   1069 |   4 |  388.0 |
       Dungeon |   1552 |   1464 |     88 |     12 |   1069 |   4 |  388.0 |
               +--------+--------+--------+--------+--------+-----+--------+

Top non-repeatable levels by time:
     D:1: 987 daAuts
     D:4: 270 daAuts
     D:2: 210 daAuts
     D:3: 83 daAuts

Table legend:
 A = Kills in this place as a percentage of kills in entire the game.
 B = Kills by you in this place as a percentage of kills by you in the entire game.
 C = Kills by friends in this place as a percentage of kills by friends in the entire game.
 D = Other kills in this place as a percentage of other kills in the entire game.
 E = Experience gained in this place as a percentage of experience gained in the entire game.
 F = Experience gained in this place divided by the number of levels of this place that you have seen.
                   A       B       C       D       E      F
               +-------+-------+-------+-------+-------+----------------------
         Total | 100.0 | 100.0 |   N/A |   N/A | 100.0 |  36.0
       Dungeon | 100.0 | 100.0 |   N/A |   N/A | 100.0 |  36.0
               +-------+-------+-------+-------+-------+----------------------
